 Dungeon Crawl Stone Soup version 0.25-a0-294-gea9b1ad378 (webtiles) character file.

Game seed: 14698622332878215678, levelgen mode: classic

92 Borgoz the Chopper (level 4, -5/40 HPs)
             Began as a Hill Orc Berserker on Dec 17, 2019.
             Was a Believer of Trog.
             Killed from afar by an orc wizard (8 damage)
             ... with a magic dart
             ... on level 2 of the Dungeon.
             The game lasted 00:02:26 (2502 turns).

Borgoz the Chopper (Hill Orc Berserker)             Turns: 2502, Time: 00:02:27

Health: -5/40      AC:  5    Str: 19    XL:     4   Next: 60%
Magic:  4/4        EV: 12    Int:  7    God:    Trog [**....]
Gold:   145        SH:  6    Dex: 11    Spells: 3/3 levels left

rFire    + . .     SeeInvis .   a - +0 hand axe
rCold    + . .     Gourm    .   (no shield)
rNeg     . . .     Faith    .   d - +0 ring mail
rPois    +         Spirit   .   (no helmet)
rElec    +         Reflect  +   (no cloak)
rCorr    +         Harm     .   (no gloves)
MR       .....                  (no boots)
Stlth    +.........             e - +6 amulet of reflection
HPRegen  0.13/turn              (no ring)
MPRegen  0.09/turn              (no ring)

@: lethally poisoned (-5 -> -8), resistant
A: poison resistance, sturdy frame 1
a: Berserk, Trog's Hand, Renounce Religion


You were on level 2 of the Dungeon.
You worshipped Trog.
Trog was pleased with you.
You were not hungry.

You visited 1 branch of the dungeon, and saw 3 of its levels.

You collected 145 gold pieces.

Inventory:

Hand Weapons
 a - a +0 hand axe (weapon)
Armour
 d - a +0 ring mail (worn)
Jewellery
 e - a +6 amulet of reflection (around neck)
 j - an uncursed ring of protection from cold {unknown}
Wands
 k - a wand of disintegration (20)
Scrolls
 b - a scroll of blinking {unknown}
 h - a scroll of remove curse {unknown}
 i - a scroll of identify {unknown}
Potions
 l - a potion of mutation
Comestibles
 c - 5 rations
 f - 5 chunks of flesh


   Skills:
 + Level 4.2 Fighting
 * Level 5.2 Axes
 * Level 3.4 Armour
 + Level 2.0 Dodging


You had 3 spell levels left.
You didn't know any spells.
Your spell library was empty.

Dungeon Overview and Level Annotations

Branches:
Dungeon (3/15)

Altars:
Ashenzari
Nemelex Xobeh


Innate Abilities, Weirdness & Mutations

Your system is resistant to poisons. (rPois)
Your movements are slightly less encumbered by armour. (ER -2)


Message History

The adder bites you but does no damage.
It was a potion of mutation.
You feel extremely strange.
You feel less encumbered by your armour.
You feel resistant to poisons. You block the orc wizard's attack.
The hobgoblin barely misses you. The adder bites you but does no damage.
You hit the orc wizard but do no damage.
The orc wizard is severely wounded.
You hit the adder. You hit the hobgoblin.
You kill the hobgoblin!
Trog accepts your kill.
You feel sick. The orc wizard barely misses you. The adder bites you.
* * * LOW HITPOINT WARNING * * *
You hit the orc wizard.
The orc wizard is almost dead.
You miss the adder. The adder bites you but does no damage.
The orc wizard barely misses you. The adder bites you but does no damage.
The orc wizard gestures at you while chanting.
The magic dart hits you!
You die...

#......########
##.#..........#
#.#..........#
#.#..........#
#.#..........#####
#.#...............
#.#..........##...
#So...............
#@†...............
###......>...##...
#..........##...
#########.###...
#....... ####....
#.... #.... #.###


You could see an orc wizard and an adder.

Vanquished Creatures
  3 adders (D:2)
  An ooze (D:2)
  2 worms (D:2)
  A dart slug (D:2)
  A leopard gecko (D:2)
  3 orcs
  2 ball pythons
  4 giant cockroaches (D:1)
  6 goblins
  6 hobgoblins
  A quokka (D:2)
  7 bats
  2 frilled lizards
  4 kobolds
  5 rats
48 creatures vanquished.

Notes
Turn   | Place    | Note
-------+----------+-------------------------------------------
     0 | D:1      | Borgoz the Hill Orc Berserker began the quest for the Orb.
     0 | D:1      | Reached XP level 1. HP: 19/19 MP: 1/1
   391 | D:1      | Reached XP level 2. HP: 27/27 MP: 2/2
  1090 | D:2      | Reached XP level 3. HP: 12/33 MP: 3/3
  1444 | D:2      | Reached ** piety under Trog
  1652 | D:2      | Reached XP level 4. HP: 34/40 MP: 4/4
  1704 | D:2      | Reached skill level 5 in Axes
  2187 | D:2      | Found a sparkling altar of Nemelex Xobeh.
  2194 | D:2      | Found a shattered altar of Ashenzari.
  2500 | D:2      | Gained mutation: Your movements are slightly less
                  | encumbered by armour. (ER -2) [potion of mutation]
  2500 | D:2      | Gained mutation: Your system is resistant to poisons.
                  | (rPois) [potion of mutation]
  2502 | D:2      | Killed from afar by an orc wizard

Levels and vault maps discovered:
D:1:      dpeg_arrival_connections, layout_basic, hangedman_decor_points,
          grunt_decor_mini_mirrors
D:2:      layout_basic, amethyst_overflow_temple_binary, first_ration,
          hangedman_decor_push
D:3:      layout_basic, nicolae_overflow_hidden_temple

Skill      XL: |  1  2  3  4 |
---------------+-------------+-----
Fighting       | 4 |  4.2
Armour         | 3 |  3.4
Dodging        | 2 |  2.0
Axes           | 5 |  5.2

Action                   |  1- 3 |  4- 6 || total
-------------------------+-------+-------++-------
Melee: Hand axe          |   118 |    63 ||   181
  Use: Potion            |     1 |     2 ||     3
  Eat: Chunk             |     2 |     3 ||     5
Armor: Ring mail         |    39 |    19 ||    58
       Animal skin       |     7 |       ||     7
       Skin              |     9 |       ||     9
Dodge: Dodged            |    63 |    35 ||    98
Block: Other             |    10 |    33 ||    43
       Reflection        |       |     2 ||     2

Table legend:
 A = Non-vault XP
 B = Vault XP
 C = Vault XP percentage of total XP
 D = Non-vault monster count
 E = Vault monster count
 F = Vault count percentage of total count
                 A         B        C        D         E       F
            +---------+---------+-------+---------+---------+-------
      Total |     132 |       0 |   0.0 |      48 |       0 |   0.0
            +---------+---------+-------+---------+---------+-------
        D:1 |      23 |       0 |   0.0 |      15 |       0 |   0.0
        D:2 |     104 |       0 |   0.0 |      31 |       0 |   0.0
        D:3 |       5 |       0 |   0.0 |       2 |       0 |   0.0
            +---------+---------+-------+---------+---------+-------
